 Dungeon Crawl Stone Soup version 0.30-a0-800-g7c544603b3 (webtiles) character file.

Game seed: 12027507003784736601

759 BubbleThief the Shield-Bearer (level 8, 0/64 HPs)
             Began as a Formicid Fighter on Feb 22, 2023.
             Was a Follower of the Shining One.
             Succumbed to a gnoll sergeant's poison
             ... on level 6 of the Dungeon.
             The game lasted 00:08:28 (4199 turns).

BubbleThief the Shield-Bearer (Formicid Fighter)    Turns: 4199, Time: 00:08:28

Health: 0/64       AC:  7    Str: 24    XL:     8   Next: 7%
Magic:  8/8        EV:  9    Int: 10    God:    the Shining One [*.....]
Gold:   301        SH:  5    Dex: 13    Spells: 7/7 levels left

rFire   . . .      SeeInvis +    n - +7 mace "Baffonla" {heavy, Int+3}
rCold   . . .      Faith    +    c - +0 buckler
rNeg    + . .      Spirit   .    b - +0 scale mail
rPois   .          Reflect  .    (helmet unavailable)
rElec   .          Harm     .    (no cloak)
rCorr   .          Rampage  .    (no gloves)
Will    .....                    (no boots) Stlth
                                 u - amulet of faith
HPRegen 0.30/turn                s - ring of positive energy
MPRegen 0.11/turn                m - ring of wizardry

@: lethally poisoned (0 -> -21), glowing
A: permanent stasis, dig shafts and tunnels, antennae 3, four strong arms
a: Dig, Shaft Self, Renounce Religion, Divine Shield


You were on level 6 of the Dungeon.
You worshipped the Shining One.
The Shining One was aware of your devotion.
You visited 1 branch of the dungeon, and saw 6 of its levels.

You collected 334 gold pieces.
You spent 33 gold pieces at shops.

Inventory:

Hand Weapons
 n - the +7 mace "Baffonla" (weapon) {heavy, Int+3}
   (You found it on level 2 of the Dungeon)

   Int:       It affects your intelligence (+3).
 p - a +2 heavy war axe
 w - the +7 staff of the Meek {protect, meekguard}
   (You found it on level 4 of the Dungeon)
Missiles
 y - a throwing net
Armour
 b - a +0 scale mail (worn)
 c - a +0 buckler (worn)
Jewellery
 m - a ring of wizardry (right hand)
 o - a ring of flight
 s - a ring of positive energy (left hand)
 u - an amulet of faith (around neck)
 z - an amulet of reflection
Wands
 x - a wand of mindburst (10)
Scrolls
 k - a scroll of identify
 l - 2 scrolls of vulnerability
Potions
 a - 2 potions of brilliance {unknown}
 d - 2 potions of might
 f - 3 potions of heal wounds
 g - a potion of magic
 j - a potion of mutation
 q - 3 potions of curing
 t - a potion of attraction
 A - a potion of lignification


   Skills:
 + Level 5.9 Fighting
 - Level 3.7 Axes
 + Level 5.8 Armour
 + Level 7.1 Shields


You had 7 spell levels left.
You didn't know any spells.
Your spell library contained the following spells:

 Spells                   Type           Power      Damage    Failure   Level
 Iskenderun's Battlesphe  Conj           0%         2d6       100%        5
 Iron Shot                Conj/Erth      0%         9d1       100%        6
 Spellforged Servitor     Conj/Summ      0%         N/A       100%        7


Dungeon Overview and Level Annotations

Branches:
Dungeon (6/15)
 Temple: D:4-7

Altars:
Vehumet
Wu Jian
Xom
Zin
The Shining One

Shops:
D:1 !   D:4 *


Innate Abilities, Weirdness & Mutations

You cannot be hasted, slowed, berserked, paralysed or teleported.
You can dig through walls and to a lower floor.
You have a pair of large antennae on your head. (SInv)
Your four strong arms can wield two-handed weapons with a shield.


Message History

2 gnolls come into view.
The gnoll shouts! x2; You hear a bark!
A gnoll comes into view. It is wielding a +0 whip.
A gnoll sergeant comes into view. It is wielding a +2 trident of venom.
The gnoll sergeant shouts!
You hear a shout!
You hit the gnoll.
The gnoll is heavily wounded.
The gnoll hits you but does no damage. x2
You hit the gnoll.
The gnoll is almost dead.
The gnoll hits you but does no damage. You block the gnoll's attack.
You thump the gnoll!
You kill the gnoll!
The gnoll sergeant hits you from afar with a +2 trident of venom.
You are poisoned.
The gnoll sergeant hits you from afar with a +2 trident of venom!
You are more poisoned.
You feel very sick.
The gnoll sergeant hits you with a +2 trident of venom.
You are more poisoned.
Things that are here:
a +0 club; a gnoll corpse You hit the gnoll sergeant.
The gnoll sergeant is moderately wounded.
You feel extremely sick.
The gnoll sergeant hits you with a +2 trident of venom.
You are more poisoned.
The gnoll sergeant hits you with a +2 trident of venom.
You are more poisoned.
You are too injured to fight recklessly!
You thump the gnoll sergeant!
The gnoll sergeant is almost dead.
* * * LOW HITPOINT WARNING * * *
You feel extremely sick. The gnoll sergeant barely misses you.
The gnoll sergeant hits you with a +2 trident of venom.
* * * LOW HITPOINT WARNING * * *
You sock the gnoll sergeant!
You kill the gnoll sergeant!
You die...

{ #. #... ..... ##########
####......
#........########...g....#
#........#..@)gg..########
#..........########
#................
#>.......########
#....<)..# ##########


You could see 2 gnolls.

Vanquished Creatures
  A black bear (D:5)
  A bullfrog (D:4)
  A necrophage (D:5)
  2 gnoll sergeants
  2 jellies (D:5)
  A hound (D:5)
  3 iguanas (D:5)
  Robin (D:4)
  3 adders
  16 gnolls
  2 dart slugs (D:4)
  11 orcs
  7 bats
  10 endoplasms
  6 giant cockroaches
  14 goblins
  10 hobgoblins
  10 jackals
  4 quokkas
  6 ball pythons
  4 frilled lizards
  3 kobolds
  3 rats
121 creatures vanquished.

Vanquished Creatures (others)
  A fungus (D:4)
1 creature vanquished.

Grand Total: 122 creatures vanquished

Notes
Turn   | Place    | Note
-------+----------+-------------------------------------------
     0 | D:1      | BubbleThief the Formicid Fighter began the quest for the
                  | Orb.
     0 | D:1      | Reached XP level 1. HP: 18/18 MP: 1/1
    93 | D:1      | Reached XP level 2. HP: 24/24 MP: 2/2
   149 | D:1      | Reached XP level 3. HP: 19/29 MP: 3/3
   209 | D:1      | Found Febaz's Distillery.
   469 | D:1      | You fall into a shaft and drop 1 floor!
   485 | D:2      | Identified the +7 mace "Baffonla" {heavy, Int+3}
   576 | D:2      | Found a faded altar of an unknown god.
   717 | D:2      | Reached XP level 4. HP: 35/35 MP: 4/4
  1634 | D:3      | Found an ornate altar of the Wu Jian Council.
  1634 | D:3      | Found a glowing golden altar of the Shining One.
  1657 | D:3      | Became a worshipper of the Shining One
  1856 | D:3      | Reached XP level 5. HP: 22/42 MP: 5/5
  2227 | D:4      | Noticed a bullfrog
  2231 | D:4      | Killed a bullfrog
  2232 | D:4      | Reached skill level 5 in Shields
  2311 | D:4      | Found the +7 staff of the Meek {protect, meekguard}
  2312 | D:4      | Noticed Robin
  2328 | D:4      | Reached XP level 6. HP: 39/48 MP: 6/6
  2331 | D:4      | Killed Robin
  2528 | D:4      | Found a radiant altar of Vehumet.
  2791 | D:4      | HP: 2/49 [gnoll/+0 flail (3)]
  3259 | D:4      | Found Pammoenk's General Store.
  3262 | D:4      | Bought a potion of curing for 33 gold pieces
  3596 | D:5      | Entered Level 5 of the Dungeon
  3610 | D:5      | Reached skill level 5 in Fighting
  3610 | D:5      | Reached skill level 6 in Shields
  3610 | D:5      | Reached XP level 7. HP: 56/56 MP: 7/7
  3621 | D:5      | Reached skill level 5 in Armour
  3640 | D:5      | Reached * piety under the Shining One
  3862 | D:5      | Noticed an angel
  3863 | D:5      | Found a shimmering altar of Xom.
  3873 | D:5      | Found a glowing silver altar of Zin.
  3903 | D:5      | Reached skill level 7 in Shields
  3903 | D:5      | Reached XP level 8. HP: 59/64 MP: 8/8
  4199 | D:6      | Succumbed to a gnoll sergeant's poison

Illustrated notes

Levels and vault maps discovered:
D:1:      dpeg_arrival_tiny_a, layout_rooms, serial_shops, nicolae_shop_crystal
D:2:      layout_loops_ring, shapermc_ecumenical_altar_acropolis,
          nicolae_hexahallways, kennysheep_generic_room_9
D:3:      layout_loops_ring, mainiacjoe_overflow_divided_tiny
D:4:      layout_basic, kennysheep_mini_moat, serial_aquarium,
          aquarium_bridge_square [aquarium_subvault_bridge,
          aquarium_subvault_bridge, aquarium_subvault_balcony,
          aquarium_subvault_wall], aquarium_window_fake, aquarium_window_fake,
          aquarium_window_1, aquarium_view_2e, serial_shops, nicolae_shop_trees,
          item_on_display_a, uniq_robin
D:5:      layout_rooms, grunt_temple_overflow_order_and_chaos_1
D:6:      layout_rooms, minmay_temple_entry_gardened_gates,
          minmay_misc_feat_pillars

Skill      XL: |  1  2  3  4  5  6  7 |
---------------+----------------------+-----
Axes           | 3 |  3.7
Fighting       | 4 5 |  5.9
Armour         | 4 5 |  5.8
Shields        | 5 6 7 |  7.1

Action                     |  1- 3 |  4- 6 |  7- 9 || total
---------------------------+-------+-------+-------++-------
  Melee: War axe           |    64 |       |       ||    64
         Mace              |    19 |   122 |    33 ||   174
    Use: Scroll            |       |     8 |     7 ||    15
 Armour: Scale mail        |    39 |    66 |     9 ||   114
  Dodge: Dodged            |    46 |    77 |    22 ||   145
  Block: Buckler           |    28 |    39 |    13 ||    80

Table legend: (Time is in decaauts)
 A = Elapsed time spent in this place.
 B = Non-inter-level travel time spent in this place.
 C = Inter-level travel time spent in this place.
 D = Time resting spent in this place.
 E = Time spent auto-exploring this place.
 F = Levels seen in this place.
 G = Mean time per level.
                   A        B        C        D        E       F      G
               +--------+--------+--------+--------+--------+-----+--------+
         Total |   4379 |   4195 |    184 |    210 |   3087 |   6 |  729.8 |
       Dungeon |   4379 |   4195 |    184 |    210 |   3087 |   6 |  729.8 |
               +--------+--------+--------+--------+--------+-----+--------+

Top non-repeatable levels by time:
     D:4: 1477 daAuts
     D:2: 907 daAuts
     D:3: 783 daAuts
     D:1: 629 daAuts
     D:5: 535 daAuts
     D:6: 47 daAuts
